General information
- name: BNet
- type: Ladder team game (AT/RT)
- host: Battle.net
- saver: GayTiMe.WeRRa
map: Goldshire
- players: 4
- length: 10:33
- speed: Fast
- version: 1.24 W3XP
- replay type: Public
» download(58 KB)
Players
team 1 (winner)
CoLeGePaRtYeR17 (
blue | 90 APM | 947 actions | 10:33)
3 Archmage
2 Summon Water Elemental
1 Brilliance Aura
2 Mountain King
1 Storm Bolt
1 Thunder Clap
» actions
| Assign group hotkey | 10 | |
| Basic commands | 25 | |
| Build / train | 36 | |
| ESC pressed | 3 | |
| Enter build submenu | 21 | |
| Enter hero's abilities submenu | 5 | |
| Right click | 469 | |
| Select / deselect | 235 | |
| Select group hotkey | 74 | |
| Use ability | 69 | |
947 total
» units
| Peasant | 9 | |
| Footman | 3 | |
| Sorceress | 2 | |
| Spell Breaker | 2 | |
| Priest | 3 | |
19 total
» upgrades
| Masonry | 2 | |
| Sorceress Training | 1 | |
| Priest Training | 1 | |
4 total
» buildings
| Altar of Kings | 1 | |
| Barracks | 1 | |
| Farm | 9 | |
| Scout Tower | 2 | |
| Arcane Tower | 1 | |
| Keep | 2 | |
| Arcane Vault | 1 | |
| Lumber Mill | 1 | |
| Arcane Sanctum | 2 | |
20 total
» build order
00:04 Altar of Kings
00:09 Barracks
00:18 Farm
00:50 Farm
01:29 Scout Tower
01:57 Arcane Tower
02:50 Keep
02:51 Keep
03:19 Farm
03:20 Farm
03:31 Farm
03:40 Scout Tower
04:07 Arcane Vault
04:30 Farm
04:58 Lumber Mill
05:13 Arcane Sanctum
05:16 Arcane Sanctum
05:43 Farm
07:00 Farm
07:30 Farm
» items
| Scroll of Regeneration | 2 | |
| Potion of Healing | 1 | |
3 total

»
GayTiMe.WeRRa (
purple | 100 APM | 1061 actions | 10:33)
3 Blademaster
1 Wind Walk
2 Critical Strike
2 Shadow Hunter
1 Hex
1 Healing Wave
» actions
| Assign group hotkey | 11 | |
| Basic commands | 39 | |
| Build / train | 33 | |
| Enter build submenu | 9 | |
| Enter hero's abilities submenu | 5 | |
| Right click | 525 | |
| Select / deselect | 263 | |
| Select group hotkey | 141 | |
| Use ability | 35 | |
1061 total
» units
» upgrades
| Berserker Strength | 1 | |
| Ensnare | 1 | |
2 total
» buildings
| Altar of Storms | 1 | |
| Orc Burrow | 4 | |
| Barracks | 1 | |
| Voodoo Lounge | 1 | |
| Stronghold | 2 | |
| War Mill | 1 | |
| Beastiary | 1 | |
| Fortress | 1 | |
12 total
» build order
00:06 Altar of Storms
00:09 Orc Burrow
00:43 Barracks
01:32 Orc Burrow
02:02 Voodoo Lounge
03:07 Stronghold
03:07 Stronghold
03:20 War Mill
04:03 Orc Burrow
05:41 Beastiary
08:00 Orc Burrow
09:54 Fortress
» items
| Lesser Clarity Potion | 1 | |
| Scroll of Town Portal | 1 | |
| Healing Salve | 1 | |
3 total
team 2 (loser)

»
doc.mario (
orange | 92 APM | 967 actions | 10:32)
3 Archmage
2 Summon Water Elemental
1 Brilliance Aura
1 Mountain King
1 Storm Bolt
» actions
| Assign group hotkey | 15 | |
| Basic commands | 54 | |
| Build / train | 62 | |
| ESC pressed | 4 | |
| Enter build submenu | 10 | |
| Enter hero's abilities submenu | 5 | |
| Right click | 379 | |
| Select / deselect | 277 | |
| Select group hotkey | 106 | |
| Use ability | 55 | |
967 total
» units
| Peasant | 35 | |
| Footman | 11 | |
| Priest | 2 | |
48 total
» buildings
| Barracks | 1 | |
| Altar of Kings | 1 | |
| Farm | 3 | |
| Keep | 6 | |
| Arcane Sanctum | 2 | |
| Lumber Mill | 1 | |
| Scout Tower | 1 | |
| Guard Tower | 2 | |
17 total
» build order
00:10 Barracks
00:13 Altar of Kings
00:21 Farm
00:59 Farm
02:47 Keep
02:47 Keep
02:47 Keep
02:47 Keep
05:37 Arcane Sanctum
07:36 Farm
08:03 Lumber Mill
08:07 Arcane Sanctum
08:10 Scout Tower
10:01 Guard Tower
10:01 Guard Tower

»
doc.strangelove (
red | 45 APM | 473 actions | 10:29)
2 Death Knight
1 Death Coil
1 Unholy Aura
» actions
| Assign group hotkey | 25 | |
| Basic commands | 26 | |
| Build / train | 25 | |
| ESC pressed | 7 | |
| Enter build submenu | 9 | |
| Enter hero's abilities submenu | 2 | |
| Right click | 179 | |
| Select / deselect | 113 | |
| Select group hotkey | 50 | |
| Use ability | 37 | |
473 total
» units
| Acolyte | 2 | |
| Ghoul | 4 | |
| Crypt Fiend | 7 | |
13 total
» buildings
| Crypt | 1 | |
| Ziggurat | 4 | |
| Altar of Darkness | 1 | |
| Graveyard | 1 | |
| Tomb of Relics | 1 | |
| Spirit Tower | 1 | |
| Halls of the Dead | 1 | |
10 total
» build order
00:07 Crypt
00:14 Ziggurat
00:38 Altar of Darkness
01:03 Graveyard
01:30 Tomb of Relics
02:02 Ziggurat
03:18 Spirit Tower
07:08 Halls of the Dead
07:19 Ziggurat
07:25 Ziggurat
» items
| Rod of Necromancy | 1 | |
| Dust of Appearance | 2 | |
| Scroll of Town Portal | 1 | |
| Potion of Lesser Invulnerability | 1 | |
| Scroll of Healing | 1 | |
6 total
Chat log
(03:29 / All) GayTiMe.WeRRa: yeah quit
(03:30 / All) GayTiMe.WeRRa: this game